 Dungeon Crawl Stone Soup version 0.18.1-48-g4cf74bf (webtiles) character file.

343936 juanjsm the Sorcerer (level 21, -9/99 HPs)
             Began as a Spriggan Enchanter on June 25, 2016.
             Was the Champion of Okawaru.
             Mangled by an ettin
             ... wielding a cursed -3 dire flail
              (24 damage)
             ... on level 5 of the Vaults on June 29, 2016.
             The game lasted 08:51:37 (52613 turns).

juanjsm the Sorcerer (Spriggan Enchanter)          Turns: 52613, Time: 08:51:37

Health: -9/99      AC:  9    Str:  6    XL:     21   Next: 14%
Magic:  0/53       EV: 31    Int: 23    God:    Okawaru [******]
Gold:   2917       SH: 12    Dex: 24    Spells: 15 memorised, 20 levels left

rFire  + + .     SeeInvis +     F - +9 quick blade (pain)
rCold  + . .     Gourm    .     y - +1 robe of the Game of Kings {Int+4}
rNeg   + + .     Faith    .     J - +3 buckler {rN+}
rPois  +         Spirit   +     k - +2 hat of the Bear Spirit {Spirit, +Rage rN+ MR++}
rElec  +         Dismiss  .     I - +2 cloak {rPois}
rCorr  +         Reflect  .     (gloves unavailable)
SustAt .         Harm     .     (boots unavailable)
MR     +++++                    q - amulet of magic regeneration
Stlth  +++++++++.               u - ring of magical power
                                t - +5 ring of slaying

@: resistant, very slightly contaminated, repel missiles, very quick, almost
entirely resistant to hostile enchantments, incredibly stealthy
A: unfitting armour, horns 1, talons 1, rugged brown scales 1, see invisible,
fire resistance 1, herbivore 3, speed 3, frail 1, low mp 1, mutation resistance
1, poison resistance, screaming 1, slow metabolism 2, strong 1
a: Heroism, Finesse, Renounce Religion, Evoke Berserk Rage
}: 2/15 runes: serpentine, barnacled


You were on level 5 of the Vaults.
You worshipped Okawaru.
Okawaru was exalted by your worship.
You were not hungry.

You visited 8 branches of the dungeon, and saw 42 of its levels.

You collected 4183 gold pieces.
You spent 1266 gold pieces at shops.

Inventory:

Hand Weapons
 B - a +2 arbalest of flaming
 F - a +9 quick blade of pain (weapon)
Armour
 i - a +2 robe of magic resistance
 k - the +2 hat of the Bear Spirit (worn) {Spirit, +Rage rN+ MR++}
   (You found it on level 10 of the Dungeon)

   It protects you from negative energy.
   It affects your resistance to hostile enchantments.
   It lets you go berserk.
 y - the +1 robe of the Game of Kings (worn) {Int+4}
   (Okawaru gifted it to you on level 4 of the Shoals)

   It affects your intelligence (+4).
 A - a +2 robe of the Archmagi
 I - a +2 cloak of poison resistance (worn)
 J - a +3 buckler of positive energy (worn)
 Q - the +2 cloak of the Tundras {*Corrode rN+++ SInv Stlth+}
   (Okawaru gifted it to you on level 3 of the Vaults)

   It renders you almost immune to negative energy.
   It lets you see invisible.
   It may corrode you when you take damage.
   It makes you more stealthy.
Magical Staves
 P - an uncursed staff of power {unknown}
Jewellery
 q - an amulet of magic regeneration (around neck)
 t - a +5 ring of slaying (left hand)
 u - a ring of magical power (right hand)
 O - an uncursed amulet of dismissal
Wands
 r - a wand of enslavement (20/24)
 w - a wand of heal wounds (0/9)
 E - a wand of teleportation (4/9)
 U - a wand of lightning (7/15)
 V - a wand of teleportation (6/9)
 Y - a wand of paralysis (12/24)
Scrolls
 e - 6 scrolls of blinking
 f - 4 scrolls of remove curse
 g - a scroll of holy word
 j - 2 scrolls of identify
 s - 9 scrolls of fog
 v - 13 scrolls of teleportation
 H - 6 scrolls of fear
 K - 3 scrolls of silence
 M - 2 scrolls of recharging
 X - a scroll of summoning
 Z - a scroll of vulnerability {unknown}
Potions
 c - 8 potions of flight
 h - 3 potions of ambrosia
 m - 2 potions of might
 o - 6 potions of curing
 z - 2 potions of resistance
 C - 6 potions of haste
 D - 4 potions of invisibility
 G - 9 potions of agility
 R - 6 potions of lignification
 S - 5 potions of brilliance
Miscellaneous
 a - a plain deck of wonders {Dowsing}
 b - a stone of tremors
 l - a box of beasts {used: 3}
 n - a plain deck of war {the Shadow}
 p - a phantom mirror
 x - a plain deck of summoning {Water}
 L - an ornate deck of summoning {Foxfire}
 W - an ornate deck of summoning {the Illusion}
Comestibles
 d - 20 bread rations
 T - 26 fruits


   Skills:
 * Level 10.0 Fighting
 - Level 10.2 Short Blades
 - Level 15.6 Dodging
 + Level 23.0 Stealth
 - Level 7.2 Shields
 + Level 23.4 Spellcasting
 - Level 1.3 Conjurations
 - Level 15.8 Hexes
 * Level 10.6 Charms
 - Level 0.8 Translocations
 - Level 5.5 Ice Magic
 - Level 1.3 Air Magic
 * Level 6.8 Invocations
 + Level 12.2 Evocations


You had 20 spell levels left.
You knew the following spells:

 Your Spells              Type           Power        Failure   Level  Hunger
a - Corona                Hex            #######      0%          1    None
b - Ensorcelled Hibernat  Hex/Ice        ######       1%          2    None
c - Confuse               Hex            #######.     0%          3    None
d - Dazzling Spray        Conj/Hex       ######       1%          3    None
e - Tukima's Dance        Hex            #######.     0%          3    None
f - Invisibility          Hex            #######.     1%          6    #......
g - Passwall              Trmt/Erth      ####......   2%          2    None
h - Repel Missiles        Chrm/Air       ######       1%          2    None
i - Blink                 Tloc           N/A          1%          2    None
j - Summon Butterflies    Summ           ####....     1%          1    None
k - Apportation           Tloc           ####......   1%          1    None
l - Fulminant Prism       Conj/Hex       ######....   1%          4    None
m - Silence               Hex/Air        ######....   1%          5    None
n - Haste                 Chrm           ######..     2%          6    #......
o - Warp Weapon           Chrm/Tloc      ######....   4%          5    None


Dungeon Overview and Level Annotations

Branches:
Dungeon (15/15)            Temple (1/1) D:6            Lair (8/8) D:8
 Shoals (4/4) Lair:6        Snake (4/4) Lair:6        Slime (0/6) Lair:7
    Orc (2/2) D:9             Elf (3/3) Orc:2        Vaults (5/5) D:14
  Crypt (0/3) Vaults:3     Depths (0/5) D:15

Altars:
Ashenzari
Cheibriados
Dithmenos
Elyvilon
Fedhas
Gozag
Kikubaaqudgha
Makhleb
Nemelex Xobeh
Okawaru
Pakellas
Qazlal
Ru
Sif Muna
Trog
Vehumet
Xom
Yredelemnul
Zin
The Shining One
Beogh
Lugonu

Shops:
D:5 [[=?}   D:7 [   D:14 *   Orc:1 ?   Orc:2 *[((   Elf:1 *   Elf:3 *
Shoals:3 [   Vaults:1 (   Vaults:4 }

Annotations:
D:13 exclusion: ice statue
Shoals:1 Frances
Shoals:3 Nikola
Snake:2 Norris
Elf:1 Agnes


Innate Abilities, Weirdness & Mutations

You are tiny and cannot use many weapons and most armour.
You have supernaturally acute eyesight.
You are a herbivore.
You cover ground extremely quickly.
You need consume almost no food.
You have a pair of small horns on your head.
You have sharp toenails.
You are partially covered in rugged brown scales (AC +1, +3% HP).
Your flesh is heat resistant.
You are frail (-10% HP).
Your magical capacity is low (-10% MP).
You are somewhat resistant to further mutation.
Your system is resistant to poisons.
You occasionally shout uncontrollably at your foes.
Your muscles are strong. (Str +2)


Message History

The battlesphere dissipates.
The fire giant hits you with a great sword of flaming!
* * * LOW HITPOINT WARNING * * *
The vault guard hits you from afar with a halberd of venom!
* * * LOW HITPOINT WARNING * * *
You block the halberd of venom's attack.
The yaktaur captain unwields an uncursed quarterstaff.
The yaktaur captain wields an arbalest.
The yaktaur captain shoots a bolt.
You block the bolt.
The deep elf demonologist gestures wildly while chanting.
The deep troll shaman completely misses you.
The deep troll shaman claws you but does no damage.
The deep troll shaman completely misses you.
The vault guard completely misses you. You block the fire giant's attack.
You block the halberd of venom's attack.
The vault guard hits you but does no damage.
The deep elf demonologist gestures wildly while chanting.
There is a stone staircase leading up here.
The ettin hits you with a dire flail!!
You die...

##....O#....#.#.#C..#
##..OC#....#.#...#.#
##OpO#....#.#C#.#
##C.#....#p#.#...
..##§C#.X.§#.#p# .#
......DpCpppQp.p..# #
########(.Tpppe.####
e.e..pppCppp......
....1.C@.pC.......
1....(..<<......p..
..$.......c........
#####........######
#...........
....#....#...
...##....#...# ...#
#....# .#


You could see a Hell Sentinel, a shadow dragon, a tentacled monstrosity, an
ironheart preserver, a Tzitzimitl, 2 fire giants, a stone giant, a tengu reaver,
a yaktaur captain, 17 vault guards, a deep elf annihilator, 4 ettins, an ogre
mage, a deep elf demonologist, a deep elf high priest, a deep troll shaman, 2
two-headed ogres and a halberd of venom.

Vanquished Creatures
  Saint Roka (Snake:4)
  Vashnia (Snake:2)
  3 deep elf master archers (Elf:3)
  Rupert (Snake:1)
  5 deep elf blademasters
  A storm dragon (Vaults:2)
  Gastronok (Lair:2)
  Kirke (Shoals:1)
  Ilsuiw (Shoals:4)
  A frost giant (Vaults:1)
  7 greater nagas
  Wiglaf (Elf:2)
  7 vault wardens
  Maud (Lair:5)
  3 fire giants
  3 deep elf sorcerers (Elf:3)
  Louise (Snake:3)
  An orc warlord (Vaults:4)
  The ghost of Turgon the Warrior, an adept GrGl of Ashenzari (Vaults:2)
  Aizul (Snake:2)
  A deep elf elementalist (Elf:3)
  5 stone giants
  10 ironheart preservers
  4 deep elf demonologists
  2 salamander stormcallers
  5 deep elf annihilators
  2 eidola (Vaults:3)
  Snorg (Lair:8)
  7 deep elf death magi
  An ettin (Vaults:2)
  6 merfolk javelineers
  7 vault guards
  10 merfolk impalers
  A deep elf high priest (Elf:3)
  2 fire dragons
  4 yaktaur captains
  A crystal guardian (Vaults:2)
  A great orb of eyes (Vaults:4)
  Fannar (Lair:3)
  8 hydras
  11 naga warriors
  3 death knights
  A catoblepas (Lair:8)
  12 anacondas
  An ice dragon (Vaults:2)
  5 merfolk aquamancers
  2 centaur warriors
  An alligator snapping turtle (Shoals:2)
  2 satyrs (Shoals:4)
  3 merfolk avatars
  23 dancing weapons
  9 ogre magi
  3 deep troll earth magi (Vaults:3)
  A deep troll shaman (Lair:8)
  A tengu warrior (D:15)
  3 death yaks (Lair:7)
  9 shock serpents
  Urug (Orc:1)
  16 naga sharpshooters
  An orc high priest (Orc:2)
  Sonja (D:14)
  A shadow wraith (Vaults:4)
  16 deep elf knights
  5 skeletal warriors
  4 unseen horrors
  5 salamander mystics
  The ghost of ThereIsNoGod the Cleaver, a novice FoFi of Okawaru (D:6)
  A flayed ghost (Vaults:2)
  7 sea snakes
  15 deep trolls
  17 deep elf archers
  A giant orange brain (Vaults:4)
  3 phantasmal warriors
  7 naga ritualists
  12 ironbrand convokers
  3 harpies (Shoals:3)
  6 hill giants
  A necromancer (Vaults:1)
  14 mana vipers
  A sphinx zombie (Vaults:1)
  2 orb spiders (shapeshifter)
  4 orc knights
  A lindwurm (Lair:3)
  6 wolf spiders
  A hornet (shapeshifter) (Elf:1)
  3 hornets
  14 griffons
  30 ugly things
  3 orc sorcerers (Orc:2)
  53 deep elf magi
  A wolf spider (shapeshifter) (Vaults:3)
  12 salamanders
  8 cyclopes
  15 manticores
  8 elephants
  23 fauns
  6 sirens
  3 centaur zombies
  7 guardian serpents
  12 vault sentinels
  6 water nymphs
  8 spiny frogs
  16 naga magi
  27 black mambas
  3 gargoyles
  3 efreet (D:14)
  6 komodo dragons
  20 yaktaurs
  A kobold demonologist (Vaults:2)
  A rime drake (Lair:7)
  A human zombie (Vaults:1)
  5 freezing wraiths
  A tengu conjurer (D:15)
  2 trolls
  30 merfolk
  2 polar bears
  4 wind drakes
  Grinder (D:3)
  11 two-headed ogres
  14 slime creatures
  11 snapping turtles
  Sigmund (D:5)
  8 boulder beetles
  A shadow (Vaults:3)
  13 water elementals
  A wraith (Vaults:1)
  7 spriggans (D:7)
  3 air elementals
  5 wyverns
  A redback (shapeshifter) (Vaults:4)
  2 humans (shapeshifter)
  34 yaks
  3 basilisks
  2 hungry ghosts
  2 hogs (Shoals:1)
  A basilisk (shapeshifter) (D:15)
  A fire elemental (Elf:1)
  15 hippogriffs
  11 vampire mosquitoes
  6 wargs
  2 mottled dragons
  75 nagas
  Edmund (D:6)
  15 water moccasins
  12 porcupines
  2 swamp drakes
  6 black bears
  27 orc warriors
  3 sky beasts
  3 phantoms
  3 wasps
  4 ice beasts
  38 ogres
  26 wolves
  23 boggarts
  14 centaurs
  15 crocodiles
  2 big kobolds
  A big kobold (shapeshifter) (D:15)
  13 giant frogs
  A gnoll sergeant (D:8)
  A human skeleton (Vaults:1)
  A wyvern zombie (D:11)
  4 scorpions
  10 killer bees (D:12)
  5 wights (D:7)
  5 electric eels
  4 giant frog zombies
  4 crimson imps
  3 quasits
  2 giant frog skeletons
  An iron imp (D:10)
  11 hounds
  7 jellies
  Crazy Yiuf (D:3)
  33 orc priests
  4 centaur skeletons
  35 orc wizards
  10 iguanas
  7 worker ants
  15 sheep
  A hound zombie (D:7)
  A hound skeleton (D:4)
  A worker ant zombie (D:5)
  A howler monkey skeleton (D:6)
  12 gnolls
  14 adders
  32 river rats
  5 shadow imps
  A white imp (D:10)
  An ufetubus (Vaults:4)
  An ooze (D:2)
  3 worms
  4 dart slugs
  6 giant geckos
  96 orcs
  4 ball pythons
  11 bats
  6 giant cockroaches
  11 goblins
  8 hobgoblins
  14 jackals
  12 kobolds
  4 quokkas
  A giant cockroach zombie (D:6)
  A giant gecko skeleton (D:7)
  4 giant newts
  A jackal skeleton (D:5)
  A quokka skeleton (D:5)
  9 rats
  A fulminant prism (Vaults:4)
  2 plants (Shoals:4)
1570 creatures vanquished.

Vanquished Creatures (others)
  A greater naga (Snake:4)
  A vault warden (Vaults:3)
  4 deep elf sorcerers (Elf:3)
  2 deep elf elementalists (Elf:3)
  A merfolk javelineer (Shoals:4)
  A vault guard (Vaults:4)
  2 naga warriors (Snake:3)
  A deep elf knight (Elf:3)
  A griffon (Vaults:3)
  A salamander (Snake:4)
  A naga mage (Snake:3)
  A freezing wraith (Vaults:1)
  2 merfolk (Shoals:4)
  A spriggan (shapeshifter) (Vaults:2)
  A naga (Snake:3)
  A boggart (Vaults:1)
  A bush (Shoals:2)
  A fulminant prism (Vaults:4)
  4 fungi
  12 plants
40 creatures vanquished.

Grand Total: 1610 creatures vanquished

Notes
Turn   | Place    | Note
--------------------------------------------------------------
     0 | D:1      | juanjsm the Spriggan Enchanter began the quest for the Orb.
     0 | D:1      | Reached XP level 1. HP: 9/9 MP: 5/5
   112 | D:1      | Reached XP level 2. HP: 13/13 MP: 6/6
   116 | D:1      | Learned a level 2 spell: Ensorcelled Hibernation
   202 | D:1      | Reached skill level 5 in Stealth
   385 | D:1      | Reached XP level 3. HP: 12/16 MP: 8/8
   414 | D:1      | Learned a level 3 spell: Confuse
   439 | D:2      | Found a snail-covered altar of Cheibriados.
   450 | D:3      | Noticed Grinder
  1073 | D:2      | Reached XP level 4. HP: 21/21 MP: 6/9
  1084 | D:2      | Learned a level 3 spell: Dazzling Spray
  1128 | D:2      | Paralysed by Grinder for 6 turns
  1340 | D:2      | Found an ancient bone altar of Kikubaaqudgha.
  1342 | D:2      | Found a blossoming altar of Fedhas.
  1577 | D:3      | Killed Grinder
  1577 | D:3      | Reached skill level 1 in Shields
  1577 | D:3      | Reached XP level 5. HP: 5/24 MP: 6/11
  1577 | D:3      | Reached XP level 6. HP: 6/28 MP: 6/12
  2112 | D:3      | Found a shadowy altar of Dithmenos.
  2393 | D:3      | Noticed Crazy Yiuf
  2400 | D:3      | Killed Crazy Yiuf
  2511 | D:3      | Found a sparkling altar of Nemelex Xobeh.
  2512 | D:3      | Found an opulent altar of Gozag.
  2713 | D:5      | Entered Level 5 of the Dungeon
  2737 | D:5      | Found Caad's Magic Scroll Shoppe.
  2752 | D:5      | Bought a scroll of identify for 26 gold pieces
  2754 | D:5      | Found Meon's Gadget Shop.
  2812 | D:5      | Reached skill level 5 in Hexes
  2812 | D:5      | Reached XP level 7. HP: 30/32 MP: 6/14
  2845 | D:4      | Found a burning altar of Makhleb.
  2850 | D:4      | Reached skill level 1 in Evocations
  2872 | D:5      | Found an opulent altar of Gozag.
  3262 | D:4      | Reached skill level 1 in Ice Magic
  3336 | D:4      | Found a sacrificial altar of Ru.
  3888 | D:5      | Bought a scroll of identify for 26 gold pieces
  3888 | D:5      | Bought a scroll of amnesia for 45 gold pieces
  3888 | D:5      | Bought 2 scrolls of identify for 52 gold pieces
  3888 | D:5      | Bought a scroll of identify for 26 gold pieces
  3888 | D:5      | Bought a scroll of identify for 26 gold pieces
  3888 | D:5      | Bought a scroll of fog for 26 gold pieces
  3888 | D:5      | Bought a scroll of teleportation for 39 gold pieces
  3913 | D:5      | Learned a level 3 spell: Tukima's Dance
  3931 | D:5      | Bought a scroll of blinking for 97 gold pieces
  3978 | D:5      | Found Qyci's Jewellery Boutique.
  4055 | D:5      | Found Tese's Antique Armour Emporium.
  4058 | D:5      | Found Loanuz's Antique Armour Shoppe.
  4075 | D:5      | Bought a runed robe for 23 gold pieces
  4155 | D:5      | Found a radiant altar of Vehumet.
  4160 | D:5      | Found a shattered altar of Ashenzari.
  4271 | D:5      | Found a bloodstained altar of Trog.
  4271 | D:5      | Noticed Sigmund
  4281 | D:5      | Killed Sigmund
  4281 | D:5      | Reached skill level 5 in Spellcasting
  4281 | D:5      | Reached XP level 8. HP: 36/36 MP: 16/16
  4477 | D:6      | Found a shimmering altar of Xom.
  4630 | D:6      | Found a staircase to the Ecumenical Temple.
  4658 | D:6      | Reached skill level 10 in Stealth
  4746 | Temple   | Entered the Ecumenical Temple
  4824 | D:6      | Reached skill level 5 in Dodging
  4831 | D:6      | Noticed ThereIsNoGod's ghost (novice FoFi)
  4836 | D:6      | Noticed Edmund
  4846 | D:6      | Killed Edmund
  4858 | D:6      | Killed ThereIsNoGod's ghost
  4858 | D:6      | Reached XP level 9. HP: 40/40 MP: 10/19
  5088 | D:6      | Found a basalt altar of Yredelemnul.
  5182 | D:6      | Found a white marble altar of Elyvilon.
  5611 | D:7      | Reached skill level 5 in Short Blades
  5886 | D:10     | Entered Level 10 of the Dungeon
  6049 | D:7      | Reached skill level 5 in Evocations
  6112 | D:7      | Found Noji's Antique Armour Boutique.
  6172 | D:7      | Reached XP level 10. HP: 36/44 MP: 12/23
  6592 | D:7      | Learned a level 6 spell: Invisibility
  6595 | D:7      | Learned a level 2 spell: Passwall
  7016 | D:8      | Found a staircase to the Lair.
  7035 | Lair:1   | Entered Level 1 of the Lair of Beasts
  7333 | Lair:1   | Noticed a black mamba
  7339 | Lair:1   | Killed a black mamba
  7516 | Lair:2   | Noticed a spiny frog
  7521 | Lair:2   | Killed a spiny frog
  7535 | Lair:1   | Reached XP level 11. HP: 46/48 MP: 13/25
  7892 | Lair:2   | Noticed a four-headed hydra
  7895 | Lair:2   | Killed a four-headed hydra
  7895 | Lair:2   | Reached skill level 10 in Spellcasting
  7959 | Lair:2   | Noticed Gastronok
  8107 | Lair:2   | Killed Gastronok
  8107 | Lair:2   | Reached skill level 1 in Fighting
  8131 | Lair:2   | Noticed a six-headed hydra
  8138 | Lair:2   | Killed a six-headed hydra
  8463 | Lair:2   | Noticed a griffon
  8470 | Lair:2   | Killed a griffon
  9119 | Lair:3   | Noticed Fannar
  9124 | Lair:3   | Killed Fannar
  9124 | Lair:3   | Reached skill level 10 in Dodging
  9124 | Lair:3   | Reached XP level 12. HP: 53/53 MP: 24/27
  9373 | Lair:3   | Reached skill level 5 in Shields
 10298 | Lair:4   | Noticed a seven-headed hydra
 10305 | Lair:4   | Killed a seven-headed hydra
 10652 | Lair:5   | Reached skill level 10 in Hexes
 10912 | Lair:5   | Noticed Maud
 10943 | Lair:5   | Killed Maud
 11330 | Lair:6   | Found a staircase to the Snake Pit.
 11480 | Lair:6   | Found a staircase to the Shoals.
 11501 | Lair:6   | Reached XP level 13. HP: 39/56 MP: 9/29
 11754 | Lair:6   | You fall through a shaft!
 11762 | Lair:8   | Entered Level 8 of the Lair of Beasts
 12103 | Lair:7   | Found a staircase to the Slime Pits.
 13011 | Lair:2   | Gained mutation: Your system is resistant to poisons. [potion of mutation]
 13011 | Lair:2   | Gained mutation: You have a pair of small horns on your head. [potion of mutation]
 13011 | Lair:2   | Gained mutation: Your flesh is heat resistant. [potion of mutation]
 13286 | Lair:8   | Noticed Snorg
 13300 | Lair:8   | Killed Snorg
 13727 | Lair:7   | Reached skill level 10 in Evocations
 13900 | Lair:8   | Reached skill level 15 in Stealth
 15380 | D:8      | Found an iron altar of Okawaru.
 15393 | D:8      | Became a worshipper of Warmaster Okawaru
 15993 | D:9      | Found a staircase to the Orcish Mines.
 16061 | Orc:1    | Entered Level 1 of the Orcish Mines
 16064 | Orc:2    | Entered Level 2 of the Orcish Mines
 16069 | Orc:2    | Found a staircase to the Elven Halls.
 16088 | Orc:1    | You fall through a shaft!
 16091 | Orc:2    | Found Nevvyclu's Antique Weapon Shop.
 16091 | Orc:2    | Found Dueshi Bais's Weapon Shop.
 16239 | Orc:2    | Found a roughly hewn altar of Beogh.
 16735 | Orc:2    | Reached * piety under Okawaru
 16756 | Orc:1    | Noticed Urug
 16767 | Orc:1    | Killed Urug
 16767 | Orc:1    | Reached XP level 14. HP: 40/61 MP: 20/31
 17034 | Orc:1    | Found Rifipsaopn's Magic Scroll Shoppe.
 17590 | Orc:2    | Reached ** piety under Okawaru
 17726 | Orc:2    | Found Iguteg's General Store.
 17734 | Orc:2    | Found Ynishy's Armour Boutique.
 17786 | Orc:2    | Bought a bread ration for 65 gold pieces
 17788 | Orc:2    | Bought a scroll of identify for 26 gold pieces
 17788 | Orc:2    | Bought a scroll of amnesia for 45 gold pieces
 17788 | Orc:2    | Bought a scroll of recharging for 123 gold pieces
 17833 | Orc:1    | Bought a scroll of blinking for 120 gold pieces
 17833 | Orc:1    | Bought a scroll of identify for 32 gold pieces
 17833 | Orc:1    | Bought 3 scrolls of identify for 96 gold pieces
 17833 | Orc:1    | Bought a scroll of teleportation for 48 gold pieces
 17833 | Orc:1    | Bought a scroll of identify for 32 gold pieces
 17833 | Orc:1    | Bought a scroll of remove curse for 48 gold pieces
 17833 | Orc:1    | Bought a scroll of remove curse for 48 gold pieces
 17833 | Orc:1    | Bought a scroll of remove curse for 48 gold pieces
 17834 | Orc:1    | Identified a scroll of acquirement
 18209 | D:12     | Got a heavy robe
 18809 | D:10     | Identified the +2 robe of Igusosheno {rN+ Str+6} (You found it on level 12 of the Dungeon)
 18832 | D:10     | Got a fine robe
 18835 | D:10     | Identified the +0 robe "Jeorim" {-Tele +Inv rC- Str+9} (You found it on level 10 of the Dungeon)
 19144 | Lair:2   | Learned a level 2 spell: Repel Missiles
 19147 | Lair:2   | Learned a level 2 spell: Blink
 19149 | Lair:2   | Learned a level 1 spell: Summon Butterflies
 19496 | D:11     | You fall through a shaft for 2 floors!
 19590 | D:13     | Found a blossoming altar of Fedhas.
 19678 | D:15     | Entered Level 15 of the Dungeon
 19703 | D:14     | Reached *** piety under Okawaru
 19859 | D:13     | Found a frozen archway.
 21215 | D:12     | Found an ancient bone altar of Kikubaaqudgha.
 21278 | D:12     | Reached **** piety under Okawaru
 21535 | D:14     | Noticed Sonja
 21540 | D:14     | Killed Sonja
 21540 | D:14     | Received a gift from Okawaru
 21585 | D:14     | Reached skill level 10 in Short Blades
 22293 | D:15     | Reached ***** piety under Okawaru
 22304 | D:15     | Received a gift from Okawaru
 22538 | D:15     | Reached XP level 15. HP: 41/67 MP: 7/33
 22988 | D:15     | Found a deep blue altar of Sif Muna.
 23370 | D:14     | Found Karchemivo's General Store.
 23535 | D:14     | Found a gate to the Vaults.
 23892 | Lair:2   | Gained mutation: Your muscles are strong. (Str +2) [potion of mutation]
 23892 | Lair:2   | Gained mutation: You have sharp toenails. [potion of mutation]
 23892 | Lair:2   | Gained mutation: You are frail (-10% HP). [potion of mutation]
 23999 | Shoals:1 | Entered Level 1 of the Shoals
 24081 | Shoals:1 | Received a gift from Okawaru
 24199 | Shoals:1 | Noticed Kirke
 24393 | Shoals:1 | Noticed Frances
 24592 | Shoals:2 | Received a gift from Okawaru
 24950 | Shoals:2 | Reached ****** piety under Okawaru
 25091 | Shoals:4 | Entered Level 4 of the Shoals
 25267 | Shoals:3 | Found Nieloib's Antique Armour Shoppe.
 25454 | Shoals:3 | Noticed Nikola
 26419 | Shoals:4 | Reached skill level 15 in Spellcasting
 26534 | Shoals:4 | Got an ancient ruby amulet
 26536 | Shoals:4 | Identified the amulet "Uqiloceg" {Dismiss Str+5 Int+3} (You took it off a merfolk on level 4 of the Shoals)
 26556 | Shoals:4 | Reached XP level 16. HP: 47/67 MP: 19/36
 26827 | Shoals:4 | Noticed Ilsuiw
 27043 | Shoals:4 | Received a gift from Okawaru
 27149 | Shoals:4 | Learned a level 1 spell: Apportation
 27204 | Shoals:4 | Killed Ilsuiw
 27324 | Shoals:4 | Reached skill level 5 in Fighting
 28633 | Lair:2   | Learned a level 4 spell: Fulminant Prism
 29080 | Shoals:1 | Killed Kirke
 29713 | Shoals:4 | Received a gift from Okawaru
 29714 | Shoals:4 | Got a distressingly furry robe {god gift}
 29744 | Shoals:4 | Identified the +1 robe of the Game of Kings {Int+4} (Okawaru gifted it to you on level 4 of the Shoals)
 29855 | Shoals:4 | Reached skill level 5 in Ice Magic
 29917 | Shoals:4 | Gained mutation: You occasionally shout uncontrollably at your foes. [mutagenic glow]
 30304 | Shoals:4 | Got a barnacled rune of Zot
 30590 | Snake:1  | Entered Level 1 of the Snake Pit
 31662 | Snake:1  | Noticed Rupert
 31685 | Snake:1  | Killed Rupert
 31901 | Snake:2  | Noticed Norris
 31922 | Snake:1  | Reached skill level 15 in Hexes
 32113 | Snake:2  | Noticed Aizul
 32117 | Snake:2  | Killed Aizul
 32231 | Snake:2  | Reached skill level 1 in Charms
 32355 | Snake:2  | Reached XP level 17. HP: 66/72 MP: 38/38
 32662 | Snake:2  | Received a gift from Okawaru
 32957 | Snake:4  | Entered Level 4 of the Snake Pit
 33389 | Elf:1    | Entered Level 1 of the Elven Halls
 33455 | Elf:1    | Found Ekar's General Store.
 33464 | Elf:1    | Bought a scroll of identify for 26 gold pieces
 33530 | Elf:1    | Learned a level 5 spell: Silence
 33761 | Elf:1    | Reached skill level 1 in Conjurations
 33934 | Elf:1    | Reached skill level 15 in Dodging
 34226 | Elf:2    | Noticed Wiglaf
 34252 | Elf:2    | Killed Wiglaf
 34288 | Elf:3    | Entered Level 3 of the Elven Halls
 34602 | Elf:1    | Reached skill level 5 in Charms
 34722 | Elf:1    | Bought a scroll of teleportation for 39 gold pieces
 34722 | Elf:1    | Bought a scroll of teleportation for 39 gold pieces
 34722 | Elf:1    | Bought a scroll of amnesia for 45 gold pieces
 34847 | Elf:3    | Found Feogaj's Assorted Antiques.
 34892 | Elf:2    | Found a runed gate.
 34892 | Elf:2    | Found a runed gate.
 34895 | Elf:2    | Found a runed gate.
 35033 | Elf:2    | Noticed a deep elf blademaster
 35176 | Elf:2    | Received a gift from Okawaru
 35242 | Elf:2    | Killed a deep elf blademaster
 35248 | Elf:2    | Noticed Agnes
 36618 | Elf:3    | Reached XP level 18. HP: 79/79 MP: 37/40
 36702 | Elf:3    | Gained mutation: You are partially covered in rugged brown scales (AC +1, +3% HP). [potion of beneficial mutation]
 37598 | Elf:3    | Reached skill level 1 in Air Magic
 37666 | Elf:3    | Received a gift from Okawaru
 38090 | Elf:3    | Learned a level 6 spell: Haste
 39048 | Lair:2   | Learned a level 5 spell: Warp Weapon
 39223 | Snake:3  | Noticed Vashnia
 40445 | Snake:4  | Noticed Saint Roka
 41089 | Snake:4  | Killed Saint Roka
 41199 | Snake:4  | Noticed Louise
 41311 | Snake:2  | Gained mutation: Your magical capacity is low (-10% MP). [mutagenic glow]
 41763 | Snake:2  | Killed Vashnia
 42201 | Snake:3  | Killed Louise
 42368 | Snake:3  | Reached XP level 19. HP: 86/86 MP: 39/39
 42772 | Snake:3  | Reached skill level 1 in Invocations
 42912 | Snake:4  | Received a gift from Okawaru
 44090 | Snake:4  | Received a gift from Okawaru
 44091 | Snake:4  | Got a silken robe {god gift}
 44578 | Snake:4  | Got a serpentine rune of Zot
 44786 | Lair:2   | Identified the +0 robe of Amorality {Dex+2 Stlth+} (Okawaru gifted it to you on level 4 of the Snake Pit)
 44818 | Lair:2   | Got a faintly glowing platinum amulet
 44820 | Lair:2   | Identified the amulet "Hoidewu" {Dismiss rN+} (You acquired it on level 2 of the Lair of Beasts)
 45093 | D:15     | Found a staircase to the Depths.
 45178 | Vaults:1 | Entered Level 1 of the Vaults
 45196 | Vaults:1 | Found a white marble altar of Elyvilon.
 45944 | Vaults:1 | Found Ixoepouq's Weapon Shoppe.
 47812 | Vaults:2 | Received a gift from Okawaru
 47813 | Vaults:2 | Reached XP level 20. HP: 93/93 MP: 42/42
 47940 | Vaults:2 | Gained mutation: You are somewhat resistant to further mutation. [potion of mutation]
 48720 | Vaults:2 | Noticed Turgon's ghost (adept GrGl)
 49021 | Vaults:2 | Killed Turgon's ghost
 49080 | Vaults:2 | Received a gift from Okawaru
 49689 | Vaults:3 | Found a staircase to the Crypt.
 49827 | Vaults:3 | Reached skill level 5 in Invocations
 50048 | Vaults:3 | Received a gift from Okawaru
 50083 | Vaults:3 | Got a polished cloak {god gift}
 50094 | Vaults:3 | Identified the +2 cloak of the Tundras {*Corrode rN+++ SInv Stlth+} (Okawaru gifted it to you on level 3 of the Vaults)
 50500 | Vaults:4 | Found Pucaod's Gadget Emporium.
 50748 | Vaults:5 | Entered Level 5 of the Vaults
 50913 | Vaults:4 | Reached skill level 10 in Charms
 51642 | Vaults:4 | Reached XP level 21. HP: 79/98 MP: 39/44
 52357 | Vaults:4 | Received a gift from Okawaru
 52357 | Vaults:4 | Reached skill level 10 in Fighting
 52562 | Vaults:5 | Noticed a golden dragon
 52613 | Vaults:5 | Mangled by an ettin

Skill      XL: |  1  2  3  4  5  6  7  8  9 10 11 12 13 14 15 16 17 18 19 20 21 |
---------------+----------------------------------------------------------------+-----
Hexes          | 4 5 6 7 9 10 12 13 14 15 | 15.8
Stealth        | 5 7 9 10 11 12 13 14 15 16 17 18 20 21 22 23 | 23.0
Spellcasting   | 3 4 5 6 8 9 10 11 12 13 15 16 17 19 22 23 | 23.4
Short Blades   | 2 3 4 5 6 7 8 9 10 | 10.2
Shields        | 1 2 3 4 5 6 7 |  7.2
Evocations     | 2 4 5 6 8 9 10 11 12 | 12.2
Dodging        | 4 6 7 8 10 11 12 13 14 15 | 15.6
Ice Magic      | 1 2 3 4 5 |  5.5
Fighting       | 1 2 4 5 7 8 9 10 | 10.0
Charms         | 1 6 8 10 | 10.6
Conjurations   | 1 |  1.3
Air Magic      | 1 |  1.3
Invocations    | 3 6 |  6.8
Translocations | |  0.8

Action                   |  1- 3 |  4- 6 |  7- 9 | 10-12 | 13-15 | 16-18 | 19-21 || total
-------------------------+-------+-------+-------+-------+-------+-------+-------++-------
Melee: Dagger            |    98 |    53 |   167 |   267 |   874 |   542 |       ||  2001
       Headbutt          |       |       |       |       |    83 |   208 |   220 ||   511
       Kick              |       |       |       |       |    55 |   335 |   313 ||   703
       Quick blade       |       |       |       |       |       |   601 |  1053 ||  1654
Throw: Tomahawk          |       |       |       |       |     2 |       |       ||     2
 Cast: Corona            |     2 |       |       |       |       |       |       ||     2
       Ensorcelled Hiber |    17 |    28 |    65 |   208 |   280 |   128 |   246 ||   972
       Confuse           |     2 |     3 |    35 |    26 |   188 |   140 |   250 ||   644
       Dazzling Spray    |       |       |     1 |     5 |    60 |   109 |    72 ||   247
       Tukima's Dance    |       |       |       |     4 |       |     8 |       ||    12
       Invisibility      |       |       |       |       |     9 |    24 |     8 ||    41
       Repel Missiles    |       |       |       |       |     2 |     7 |     2 ||    11
       Summon Butterflie |       |       |       |       |     1 |     1 |     1 ||     3
       Blink             |       |       |       |       |       |    12 |     8 ||    20
       Silence           |       |       |       |       |       |    11 |     1 ||    12
       Warp Weapon       |       |       |       |       |       |    10 |    14 ||    24
       Haste             |       |       |       |       |       |     1 |     1 ||     2
       Fulminant Prism   |       |       |       |       |       |       |     2 ||     2
 Abil: Evoke Flight      |       |       |       |     1 |     9 |     6 |       ||    16
       Evoke Invisibilit |       |       |       |       |     1 |       |       ||     1
Evoke: Wand              |       |       |       |       |       |     6 |     5 ||    11
       Box of beasts     |       |       |       |       |       |     3 |       ||     3
       Phantom mirror    |       |       |       |       |       |     1 |       ||     1
  Use: Scroll            |       |       |    12 |     1 |    29 |    23 |     5 ||    70
       Potion            |       |       |     3 |     1 |     7 |    18 |     3 ||    32
 Stab: Sleeping          |    32 |    30 |    70 |   169 |   279 |    85 |   149 ||   814
       Confused          |       |     3 |    23 |    10 |    73 |    37 |   130 ||   276
       Distracted        |       |     2 |       |     1 |     8 |    12 |     8 ||    31
       Invisible         |       |       |     1 |     4 |    66 |   145 |    69 ||   285
       Paralysed         |       |       |     1 |       |       |       |       ||     1
       Held in net/web   |       |       |       |       |       |     1 |       ||     1
  Eat: Pizza             |       |     1 |       |     1 |     5 |     1 |     1 ||     9
       Fruit             |       |       |     2 |       |    16 |    22 |    12 ||    52
       Royal jelly       |       |       |     1 |       |       |       |       ||     1
       Bread ration      |       |       |     1 |       |       |       |       ||     1
Armor: Robe              |    16 |     3 |     6 |    13 |    33 |    24 |    33 ||   128
Dodge: Dodged            |    62 |    15 |    70 |   261 |   503 |   707 |   549 ||  2167
       Deflected         |       |       |       |       |     3 |    37 |    16 ||    56
Block: Buckler           |       |       |       |       |    46 |   400 |   382 ||   828
